[Event "Titled Tuesday Blitz January 10 Early 2023"]
[White "Putnam, Liam"]
[Black "Becerra, Juan David"]
[WhiteFideId "30938279"]
[BlackFideId "4404998"]
[WhiteElo "2285"]
[BlackElo "2382"]
[Result "1-0"]
[Round "02"]
[TimeControl "180+2"]
[Date "2023.01.10"]
[WhiteClock "0:00:30"]
[BlackClock "0:00:03"]

1. e4 e5 2. Nc3 Nf6 3. f4 d5 4. fxe5 Nxe4 5. Qf3 Nxc3 6. dxc3 Nc6 7. Bf4 Be6 8. Ne2 Qh4+ 9. g3 Qg4 10. Qxg4 Bxg4 11. Bg2 O-O-O 12. Rd1 Be6 13. Nd4 Nxd4 14. cxd4 Be7 15. O-O g5 16. Be3 h5 17. h3 c6 18. Rf2 Kc7 19. Bf1 a5 20. Kg2 b5 21. Bd3 Kd7 22. Rdf1 Rdf8 23. a4 bxa4 24. Ra1 a3 25. bxa3 Rb8 26. Bd2 a4 27. Raf1 Bxa3 28. Ra1 Bb2 29. Rxa4 Ra8 30. Rb4 Rhb8 31. Rxb8 Rxb8 32. c3 g4 33. hxg4 hxg4 34. Rf1 Ba3 35. Ra1 Rb2 36. Rd1 c5 37. Kf2 cxd4 38. cxd4 Bb4 39. Ke3 Bxd2+ 40. Rxd2 Rb3 41. Kf4 Ke7 42. Rd1 f6 43. Rd2 fxe5+ 44. Kxe5 Ra3 45. Kf4 Rc3 46. Be2 Rc8 47. Ra2 Rf8+ 48. Ke3 Kf6 49. Ra6 Ke7 50. Rb6 Rf7 51. Rb7+ Kf6 52. Rxf7+ Kxf7 53. Kf4 Kf6 54. Bxg4 Bf7 55. Bf3 Bg8 56. g4 Bf7 57. g5+ Kg6 58. Bg4 Bg8 59. Bf5+ Kg7 60. Ke5 Bf7 61. Kd6 Bg8 62. Be6 Bh7 63. Ke5 1-0


[Site "https://www.chess.com"]

[Event "Titled Tuesday Blitz January 10 Early 2023"]
[White "Fisher_TheGalactic"]
[Black "Bartel, Mateusz"]
[BlackFideId "1112635"]
[WhiteElo "2530"]
[BlackElo "2609"]
[Result "1/2-1/2"]
[Round "02"]
[TimeControl "180+2"]
[Date "2023.01.10"]
[WhiteClock "0:00:08"]
[BlackClock "0:00:15"]

1. Nf3 c5 2. g3 Nc6 3. Bg2 g6 4. O-O Bg7 5. e4 d6 6. c3 Nf6 7. Re1 Bg4 8. h3 Bxf3 9. Bxf3 Nd7 10. d3 O-O 11. Nd2 Rb8 12. Nf1 b5 13. Be3 b4 14. d4 bxc3 15. bxc3 cxd4 16. cxd4 Nb6 17. Rc1 Rc8 18. Qd2 d5 19. exd5 Nxd5 20. Red1 e6 21. Rc5 Qd7 22. Rdc1 Nce7 23. Rxc8 Rxc8 24. Rxc8+ Qxc8 25. Qa5 Qd7 26. Qc5 h5 27. Nd2 Nxe3 28. fxe3 Nf5 29. Kf2 Nxd4 30. Ne4 Nf5 31. Be2 Qe7 32. Qxe7 Nxe7 33. Nd6 Be5 34. Nb5 Bb8 35. Bf3 Kf8 36. Bb7 Nf5 37. g4 hxg4 38. hxg4 Nh6 39. Kf3 Ke7 40. a4 f6 41. a5 Nf7 42. Ke4 Ne5 43. g5 f5+ 44. Kd4 Nf7 45. Kc5 Nxg5 46. Nd4 Kd7 47. Bc6+ Kd8 48. Bg2 Bc7 49. Nc6+ Kd7 50. Kb5 e5 51. Nxa7 e4 52. Nc6 Nf7 53. a6 Nd6+ 54. Kc5 Nc8 55. Kd5 Bb6 56. Ne5+ Kc7 57. Nxg6 Bxe3 58. Bxe4 fxe4 59. Kxe4 Ba7 60. Ne5 Kb6 61. Kd5 Kxa6 62. Nc6 Bb6 63. Ne5 Kb5 64. Ke6 Bc7 65. Kd7 Bxe5 66. Kxc8 1/2-1/2


[Site "https://www.chess.com"]

[Event "Titled Tuesday Blitz January 10 Early 2023"]
[White "Nigmatov, Ortik"]
[Black "Derjabin, Ilja"]
[WhiteFideId "14202131"]
[BlackFideId "14104768"]
[WhiteElo "2438"]
[BlackElo "2333"]
[Result "0-1"]
[Round "02"]
[TimeControl "180+2"]
[Date "2023.01.10"]
[WhiteClock "0:00:08"]
[BlackClock "0:00:12"]

1. d4 Nf6 2. Nf3 c5 3. d5 b5 4. e4 Nxe4 5. a4 b4 6. Bc4 Nd6 7. Be2 g6 8. h4 h5 9. Ne5 Bg7 10. Bf4 Ba6 11. Bxa6 Nxa6 12. Nd2 Nc7 13. Qf3 O-O 14. O-O-O e6 15. dxe6 Nxe6 16. Bg3 Nf5 17. Ndc4 Ned4 18. Qd5 Nxg3 19. fxg3 d6 20. Nxg6 Qf6 21. Nxf8 Ne2+ 22. Kb1 Nc3+ 23. bxc3 Qxc3 24. Kc1 Bh6+ 25. Kb1 Bg7 26. Ne5 Bxe5 27. Qa2 Rxf8 28. Rd3 b3 29. cxb3 Qxd3+ 30. Qc2 Qxc2+ 31. Kxc2 Bxg3 32. Rh3 Be5 33. Kd3 f5 34. Kc4 f4 35. Kd5 Rf6 36. Rf3 Rg6 37. Rf2 Rg4 38. Ke6 Kg7 39. b4 cxb4 40. Kf5 b3 41. Rf3 Rg6 42. Rxb3 Rf6+ 43. Ke4 Rg6 44. Kf5 Rxg2 45. Rb7+ Kh6 46. Rxa7 f3 47. Rf7 f2 48. Ke4 Rg4+ 49. Ke3 Rxa4 50. Ke2 Rf4 51. Rxf4 Bxf4 52. Kxf2 Kg6 53. Kf3 Kf5 54. Kg2 Kg4 55. Kf1 Kxh4 56. Ke2 Kg4 57. Kd3 h4 0-1


[Site "https://www.chess.com"]

[Event "Titled Tuesday Blitz January 10 Early 2023"]
[White "Musovic, Armin"]
[Black "Harshavardhan G B"]
[WhiteFideId "939935"]
[BlackFideId "25059009"]
[WhiteElo "2261"]
[BlackElo "2408"]
[Result "0-1"]
[Round "02"]
[TimeControl "180+2"]
[Date "2023.01.10"]
[WhiteClock "0:00:03"]
[BlackClock "0:00:15"]

1. a3 e5 2. d4 exd4 3. Qxd4 Nc6 4. Qa4 d5 5. Nc3 Nf6 6. Bg5 Be7 7. O-O-O Be6 8. e4 Nxe4 9. Bxe7 Qxe7 10. Nxe4 dxe4 11. Qxe4 O-O 12. Nf3 Qf6 13. Bd3 g6 14. h4 h5 15. Qe3 Rfe8 16. Rhe1 Kg7 17. Qg5 Bg4 18. Qxf6+ Kxf6 19. Be4 Nd8 20. Re3 Kg7 21. Rde1 c6 22. Bd3 Rxe3 23. Rxe3 Ne6 24. Ne5 Nf4 25. Bf1 Be6 26. c4 Bf5 27. g3 Ne6 28. Bd3 Bxd3 29. Rxd3 Rd8 30. Rxd8 Nxd8 31. Nd7 Ne6 32. Kd2 f6 33. b4 Kf7 34. b5 cxb5 35. cxb5 Ke7 36. Nb8 Kd6 37. Kc3 Kc7 38. Kc4 Kxb8 39. Kd5 Nc7+ 40. Kc5 Kc8 41. a4 Kd7 42. a5 Ne6+ 43. Kd5 b6 44. axb6 axb6 45. f4 Nc7+ 46. Kc4 f5 47. Kd4 Kd6 48. Kc4 Nd5 49. Kd4 Ne7 50. Kc4 Ke6 51. Kc3 Nd5+ 52. Kc4 Nc7 0-1


[Site "https://www.chess.com"]

[Event "Titled Tuesday Blitz January 10 Early 2023"]
[White "Bagrationi, Alexander"]
[Black "Preotu, Razvan"]
[WhiteFideId "14104954"]
[BlackFideId "2613280"]
[WhiteElo "2454"]
[BlackElo "2475"]
[Result "0-1"]
[Round "02"]
[TimeControl "180+2"]
[Date "2023.01.10"]
[WhiteClock "0:00:08"]
[BlackClock "0:00:11"]

1. e4 c5 2. Be2 Nc6 3. f4 d5 4. d3 dxe4 5. dxe4 Qxd1+ 6. Bxd1 b6 7. c3 Ba6 8. Ba4 Kd7 9. Na3 Kc7 10. Nf3 Nf6 11. Bxc6 Kxc6 12. Ne5+ Kb7 13. Nxf7 Rg8 14. e5 Ne4 15. Be3 Kc7 16. O-O-O e6 17. Rhe1 c4 18. Bxb6+ axb6 19. Rxe4 Bxa3 20. bxa3 b5 21. Red4 Raf8 22. Rd7+ Kb8 23. R1d6 Bc8 24. Re7 h6 25. Rb6+ Ka8 26. g3 g5 27. Nxh6 Rh8 28. fxg5 Rf1+ 29. Kd2 Rd8+ 30. Ke3 Rd3+ 31. Ke4 Rxc3 32. Re8 Ka7 33. Rxb5 Bb7+ 34. Kd4 Rcc1 35. Re7 Rfd1+ 36. Kc5 Rd5+ 37. Kb4 Rb1+ 38. Kxc4 Rbxb5 39. Nf7 Rdc5+ 40. Kd4 Rc1 41. h4 Rd1+ 42. Ke3 Rb2 43. Kf4 Rf2+ 44. Kg4 Kb6 45. Rxe6+ Kc5 46. Rf6 Bc8+ 47. e6 Re2 48. g6 Bxe6+ 49. Kg5 Rg1 50. Kh6 Rxg3 51. h5 Re4 52. Ng5 Bd5 53. Rf5 Rh4 54. g7 Kd6 55. Rxd5+ Kxd5 56. g8=Q+ Ke5 57. Qe6+ Kf4 58. Qf6+ Kg4 59. Kg6 Rxh5 60. Qf5+ Kh4 61. Qf4+ Rg4 62. Qf5 Rhxg5+ 63. Kf6 Rxf5+ 64. Kxf5 Ra4 65. Ke5 Rxa3 66. Kd5 Rxa2 67. Kc5 Rd2 0-1


[Site "https://www.chess.com"]

[Event "Titled Tuesday Blitz January 10 Early 2023"]
[White "Weetik, Vjacheslav"]
[Black "Lymar, Vladislav"]
[WhiteFideId "4153472"]
[BlackFideId "14162180"]
[WhiteElo "2423"]
[BlackElo "2119"]
[Result "1/2-1/2"]
[Round "02"]
[TimeControl "180+2"]
[Date "2023.01.10"]
[WhiteClock "0:00:07"]
[BlackClock "0:00:06"]

1. d4 d5 2. Nf3 e6 3. c4 c5 4. e3 Nc6 5. Nc3 Nf6 6. a3 cxd4 7. exd4 Be7 8. c5 O-O 9. Bf4 Ne4 10. Bd3 Nxc3 11. bxc3 b6 12. cxb6 axb6 13. O-O Ba6 14. a4 Bxd3 15. Qxd3 Na5 16. Rfb1 Nc4 17. Ne5 Nxe5 18. Bxe5 Ra5 19. Qg3 f6 20. Bc7 Qa8 21. Bd6 Bxd6 22. Qxd6 Re8 23. h3 Rxa4 24. Rxa4 Qxa4 25. Rxb6 h6 26. Rb7 Qd1+ 27. Kh2 Qd3 28. Qd7 Qg6 29. f4 Kh7 30. f5 exf5 31. Qxd5 Re2 32. Qf3 Rc2 33. d5 Qe8 34. d6 Rd2 35. Qxf5+ Kh8 36. Rc7 Rxd6 37. Rc8 Rd8 38. Rxd8 Qxd8 39. Qf4 Qd3 40. c4 Qc3 41. Qe4 Qc1 42. Qd5 Qf4+ 43. Kg1 Qe3+ 44. Kf1 Qc1+ 45. Ke2 Qc2+ 46. Ke3 Qc3+ 47. Kf4 Qc2 48. c5 Qf2+ 49. Kg4 Qe2+ 50. Kg3 Qe3+ 51. Kh2 Qf4+ 52. Kg1 Qe3+ 53. Kf1 Qf4+ 54. Ke2 Qb4 55. c6 Qb2+ 56. Kd3 Qb1+ 57. Kc4 Qa2+ 58. Kc5 Qa5+ 59. Kd6 Qd8+ 60. Kc5 Qa5+ 61. Kd4 Qd2+ 62. Kc4 Qa2+ 63. Kc5 Qa5+ 1/2-1/2


[Site "https://www.chess.com"]

[Event "Titled Tuesday Blitz January 10 Early 2023"]
[White "Rahman, Ziaur"]
[Black "Borges Feria, Yasel"]
[WhiteFideId "10200037"]
[BlackFideId "3504921"]
[WhiteElo "2464"]
[BlackElo "2439"]
[Result "1-0"]
[Round "02"]
[TimeControl "180+2"]
[Date "2023.01.10"]
[WhiteClock "0:00:48"]
[BlackClock "0:00:25"]

1. Nf3 Nf6 2. g3 b6 3. Bg2 Bb7 4. O-O e6 5. c4 c5 6. b3 Be7 7. Bb2 O-O 8. e3 d6 9. Nc3 Nbd7 10. d4 cxd4 11. exd4 Re8 12. Re1 a6 13. d5 e5 14. Nd2 Bf8 15. b4 g6 16. Nb3 Rc8 17. Bf1 Rc7 18. a4 Qa8 19. a5 b5 20. cxb5 Rxc3 21. Bxc3 Nxd5 22. bxa6 Nxc3 23. axb7 Qxb7 24. Qc2 Qxb4 25. Rec1 Na4 26. Qc6 Qxb3 27. Qxd7 Ra8 28. Qxa4 1-0


[Site "https://www.chess.com"]

[Event "Titled Tuesday Blitz January 10 Early 2023"]
[White "Kuzmin, Roman"]
[Black "Cherniaiev, Tykhon"]
[WhiteFideId "44134932"]
[BlackFideId "14182360"]
[WhiteElo "2198"]
[BlackElo "2330"]
[Result "1-0"]
[Round "02"]
[TimeControl "180+2"]
[Date "2023.01.10"]
[WhiteClock "0:00:32"]
[BlackClock "0:00:02"]

1. e4 e5 2. Nf3 Nc6 3. Bb5 Nf6 4. d3 Bc5 5. Bxc6 dxc6 6. Nbd2 Bd6 7. Nc4 Qe7 8. Bd2 Bg4 9. h3 Bxf3 10. Qxf3 Nd7 11. Qg3 Rg8 12. O-O-O f6 13. f4 O-O-O 14. Kb1 Kb8 15. fxe5 Nxe5 16. Nxd6 cxd6 17. Rhf1 Ka8 18. Bf4 Ng6 19. Be3 d5 20. Bg1 dxe4 21. Rde1 f5 22. Rxf5 exd3 23. Qf2 Qxe1+ 24. Qxe1 d2 25. Qd1 Rge8 26. Rf1 Nf4 27. b3 Nxg2 28. Kb2 a6 29. Bb6 Rd7 30. Rf2 1-0


[Site "https://www.chess.com"]

[Event "Titled Tuesday Blitz January 10 Early 2023"]
[White "Aradhya, Garg"]
[Black "Carbone, Diego"]
[WhiteFideId "25006746"]
[BlackFideId "3002179"]
[WhiteElo "2284"]
[BlackElo "2336"]
[Result "1-0"]
[Round "02"]
[TimeControl "180+2"]
[Date "2023.01.10"]
[WhiteClock "0:00:19"]
[BlackClock "0:00:02"]

1. d4 Nf6 2. Nf3 d5 3. c4 e6 4. Nc3 dxc4 5. e4 b5 6. e5 Nd5 7. Nxb5 Nb6 8. a4 Qd7 9. Be2 Bb7 10. O-O Be7 11. Nd2 a6 12. Nc3 Qxd4 13. Nxc4 Qxd1 14. Rxd1 Nxc4 15. Bxc4 Nd7 16. Bf4 g5 17. Bg3 h5 18. h3 O-O-O 19. Bd3 Nc5 20. Bc2 Rxd1+ 21. Rxd1 h4 22. Bh2 Rd8 23. Rxd8+ Kxd8 24. b4 Nd7 25. b5 axb5 26. axb5 Bc5 27. Ne2 Bd5 28. Bd3 c6 29. Kf1 cxb5 30. Bxb5 Nb6 31. f4 gxf4 32. Bxf4 Bc4 33. Bg5+ Be7 34. Be3 Bxb5 35. Bxb6+ Kd7 36. Kf2 Bxe2 37. Kxe2 f6 38. exf6 Bxf6 39. Kf3 Kc6 40. Bf2 Kd5 41. Kg4 e5 42. Bxh4 Bxh4 43. Kxh4 e4 44. Kg3 Kd4 45. Kf2 Kd3 46. Ke1 Ke3 47. h4 Kf4 48. h5 Kg5 49. g4 Kh6 50. Ke2 Kg5 51. Ke3 Kxg4 52. h6 1-0


[Site "https://www.chess.com"]

[Event "Titled Tuesday Blitz January 10 Early 2023"]
[White "Avila Pavas, Santiago"]
[Black "Begunov, Konstantin"]
[WhiteFideId "4437128"]
[BlackFideId "4118510"]
[WhiteElo "2522"]
[BlackElo "2325"]
[Result "1-0"]
[Round "02"]
[TimeControl "180+2"]
[Date "2023.01.10"]
[WhiteClock "0:00:17"]
[BlackClock "0:00:13"]

1. d4 d5 2. Bf4 c6 3. e3 Qb6 4. Qc1 Bf5 5. c4 e6 6. Nc3 Nf6 7. Nf3 Be7 8. h3 O-O 9. c5 Qd8 10. b4 Nbd7 11. Be2 Ne4 12. O-O Bf6 13. Nxe4 Bxe4 14. Bd6 Re8 15. Ne5 a6 16. a4 Be7 17. b5 axb5 18. Bxe7 Qxe7 19. Nxd7 Qxd7 20. axb5 Rxa1 21. Qxa1 e5 22. Re1 exd4 23. exd4 g5 24. Qa7 Re7 25. Bg4 f5 26. Be2 Bd3 27. bxc6 Qxc6 28. Qa2 Qb5 29. Qxd5+ Kg7 30. Ra1 1-0


[Site "https://www.chess.com"]

[Event "Titled Tuesday Blitz January 10 Early 2023"]
[White "Martin Duque, Jesus"]
[Black "Samunenkov, Ihor"]
[WhiteFideId "2208954"]
[BlackFideId "14187086"]
[WhiteElo "2386"]
[BlackElo "2501"]
[Result "0-1"]
[Round "02"]
[TimeControl "180+2"]
[Date "2023.01.10"]
[WhiteClock "0:00:29"]
[BlackClock "0:00:04"]

1. Nf3 Nf6 2. b3 d5 3. Bb2 Bf5 4. g3 e6 5. Bg2 h6 6. O-O c6 7. d3 Nbd7 8. Nbd2 Be7 9. e4 dxe4 10. dxe4 Bh7 11. Qe2 O-O 12. Rfd1 Qc7 13. a4 a5 14. Ne1 Nc5 15. Nd3 Nxd3 16. cxd3 Rad8 17. d4 Bb4 18. Nc4 Qe7 19. Rac1 Ne8 20. f4 Nd6 21. Ne5 Qc7 22. Nd3 Qb6 23. Kh1 Qa6 24. Qe3 f5 25. exf5 Bxf5 26. Nc5 Qb6 27. h3 Rfe8 28. g4 Bh7 29. Nxe6 Kh8 30. Qe2 Rxe6 31. Qxe6 Re8 32. Qd7 Re2 33. d5 Rxb2 34. dxc6 Rxg2 35. Kxg2 Be4+ 36. Kf1 Qe3 37. Qd8+ Kh7 38. Qh4 Bd3+ 39. Kg2 Be4+ 40. Kf1 bxc6 41. Qf2 Qxh3+ 42. Kg1 Qxg4+ 43. Kh2 Qh5+ 44. Kg3 Nf5# 0-1


[Site "https://www.chess.com"]

[Event "Titled Tuesday Blitz January 10 Early 2023"]
[White "Namitbir Singh Walia"]
[Black "Talibov, Shiroghlan"]
[WhiteFideId "35071068"]
[BlackFideId "13429078"]
[WhiteElo "2364"]
[BlackElo "2359"]
[Result "0-1"]
[Round "02"]
[TimeControl "180+2"]
[Date "2023.01.10"]
[WhiteClock "0:00:04"]
[BlackClock "0:01:07"]

1. e4 Nf6 2. e5 Nd5 3. d4 d6 4. exd6 cxd6 5. c4 Nb6 6. Nc3 g6 7. h3 Bg7 8. Nf3 O-O 9. Be2 Bf5 10. O-O Nc6 11. b3 d5 12. c5 Nc8 13. Be3 e6 14. a3 N8e7 15. b4 a6 16. Qb3 Be4 17. Rfd1 Bxf3 18. Bxf3 Nf5 19. Ne2 Qh4 20. Bg4 Nxe3 21. Qxe3 h5 22. g3 Qf6 23. Bf3 Rad8 24. Bg2 e5 25. dxe5 Nxe5 26. Qb3 Rfe8 27. Bxd5 h4 28. Nf4 hxg3 29. fxg3 Qf5 30. Re1 g5 31. Nh5 Rxd5 32. Rf1 Qd3 0-1


[Site "https://www.chess.com"]

[Event "Titled Tuesday Blitz January 10 Early 2023"]
[White "Bykhovsky, Anatoly"]
[Black "Jovic, Stanoje"]
[WhiteFideId "2806991"]
[BlackFideId "905020"]
[WhiteElo "2496"]
[BlackElo "2075"]
[Result "0-1"]
[Round "02"]
[TimeControl "180+2"]
[Date "2023.01.10"]
[WhiteClock "0:00:07"]
[BlackClock "0:00:19"]

1. d4 Nf6 2. Nf3 e6 3. c4 b6 4. g3 Ba6 5. Qc2 Bb4+ 6. Bd2 Be7 7. e4 d5 8. cxd5 Bxf1 9. Kxf1 exd5 10. e5 Ne4 11. Nc3 f5 12. exf6 Nxf6 13. Re1 O-O 14. Ng5 Qd7 15. Rxe7 Qxe7 16. Nxd5 Qd7 17. Nxf6+ gxf6 18. Qc4+ Kh8 19. Ne6 Rf7 20. Bc3 b5 21. Qb3 b4 22. Bxb4 Nc6 23. Nc5 Qh3+ 24. Ke1 Re7+ 25. Kd2 Nxd4 26. Qc4 Rd8 27. Kc1 Qg2 28. Rd1 Qxf2 29. Kb1 Qf5+ 30. Nd3 Red7 31. g4 Qg6 32. h4 Nf3 33. h5 Qg8 34. Qe4 Qd5 35. Qxd5 Rxd5 36. Kc2 Nh2 37. g5 fxg5 38. Bc3+ Kg8 39. Rh1 Rxd3 40. Rxh2 g4 41. Re2 R8d7 42. Re4 g3 43. Rg4+ Kf7 44. Be5 Ke6 45. Bxg3 Rd2+ 46. Kc3 R7d3+ 47. Kc4 Rf3 48. b4 Rg2 49. Re4+ Kf5 50. Re5+ Kf6 0-1


[Site "https://www.chess.com"]

[Event "Titled Tuesday Blitz January 10 Early 2023"]
[White "Gledura, Benjamin"]
[Black "Ortega Ruiz, Jose Miguel"]
[WhiteFideId "712779"]
[BlackFideId "2209713"]
[WhiteElo "2644"]
[BlackElo "2351"]
[Result "1-0"]
[Round "02"]
[TimeControl "180+2"]
[Date "2023.01.10"]
[WhiteClock "0:00:36"]
[BlackClock "0:00:16"]

1. Nf3 g6 2. g3 Bg7 3. d4 Nf6 4. Bg2 O-O 5. O-O c6 6. c4 d5 7. Ne5 dxc4 8. Nxc4 Nbd7 9. Nc3 Nb6 10. b3 Nfd5 11. Bb2 Nxc4 12. bxc4 Nb6 13. Ne4 Nxc4 14. Bc3 Nd6 15. e3 Bf5 16. Nc5 b6 17. Nd3 Be4 18. f3 Bd5 19. Nb4 Bc4 20. Rf2 Rc8 21. Rc1 c5 22. dxc5 Bxc3 23. Rxc3 bxc5 24. Nd5 Bxd5 25. Qxd5 c4 26. f4 Qb6 27. Qe5 Nf5 28. g4 Nd6 29. h4 Nb5 30. Rc1 c3 31. a4 f6 32. Qxb5 Qxe3 33. Rc2 Rfd8 34. Qe2 Qc5 35. Kh2 Kf8 36. Rf3 Qb4 37. Qe3 Qxa4 38. Rxc3 Rxc3 39. Qxc3 a5 40. g5 Rd6 41. Kg3 Qd1 42. Qxa5 Rd2 43. Rf2 Rd3+ 44. Rf3 Rd2 45. Qc5 Qe1+ 46. Rf2 Rd3+ 47. Kh2 Re3 48. Qc2 Kg7 49. Qd2 fxg5 50. Qb2+ e5 51. fxg5 Rc3 52. Qb7+ Rc7 53. Qxc7+ Kg8 54. Qf7+ Kh8 55. Qf8# 1-0


[Site "https://www.chess.com"]

[Event "Titled Tuesday Blitz January 10 Early 2023"]
[White "Sai Han Thiha"]
[Black "Ioannidis, Evgenios"]
[WhiteFideId "13012290"]
[BlackFideId "4229274"]
[WhiteElo "2070"]
[BlackElo "2467"]
[Result "0-1"]
[Round "02"]
[TimeControl "180+2"]
[Date "2023.01.10"]
[WhiteClock "0:00:01"]
[BlackClock "0:00:22"]

1. d4 Nf6 2. c4 e6 3. Nf3 d5 4. Nc3 c6 5. Be3 dxc4 6. a4 Bb4 7. Bd2 Qa5 8. e3 Nd5 9. Qc1 Nb6 10. Ne5 c5 11. Nb5 Na6 12. Nd6+ Ke7 13. Ndxc4 Bxd2+ 14. Qxd2 Qxd2+ 15. Kxd2 cxd4 16. exd4 Rd8 17. Nxb6 axb6 18. Bxa6 Rxa6 19. Ke3 f6 20. Nd3 Bd7 21. b3 Rda8 22. Rac1 b5 23. Rc7 Rc6 24. Rxc6 Bxc6 25. axb5 Bxb5 26. Nc5 b6 27. Na4 Bxa4 28. bxa4 Rxa4 29. Rb1 Ra6 30. Ke4 Kd6 31. g4 g6 32. Rb2 Kc6 33. Rc2+ Kd7 34. Rb2 Kd6 35. f4 f5+ 36. gxf5 exf5+ 37. Ke3 Ra3+ 38. Kd2 Kd5 39. Rxb6 Kxd4 40. Rb2 Ke4 41. Ke1 Kxf4 42. Kf1 Kg4 43. Kg2 g5 44. Rc2 f4 45. Rb2 h5 46. Rc2 h4 47. Rb2 Re3 48. Rc2 Re2+ 49. Rxe2 f3+ 50. Kf2 fxe2 51. Kg2 e1=Q 52. h3+ Kf4 53. Kh2 Qd2+ 54. Kg1 Kf3 0-1


[Site "https://www.chess.com"]

[Event "Titled Tuesday Blitz January 10 Early 2023"]
[White "Kuznecovs, Nikita"]
[Black "Horvath, Dominik"]
[WhiteFideId "11604557"]
[BlackFideId "1642561"]
[WhiteElo "2287"]
[BlackElo "2523"]
[Result "0-1"]
[Round "02"]
[TimeControl "180+2"]
[Date "2023.01.10"]
[WhiteClock "0:00:14"]
[BlackClock "0:01:04"]

1. Nf3 g6 2. g3 Bg7 3. Bg2 d5 4. O-O e5 5. c4 dxc4 6. Qa4+ Nc6 7. Qxc4 Nge7 8. d3 O-O 9. Nbd2 Be6 10. Qc2 h6 11. a3 a5 12. Ne4 b6 13. Rd1 Rc8 14. e3 f5 15. Nc3 Qe8 16. Rb1 Qf7 17. b4 axb4 18. axb4 Rfd8 19. b5 Na5 20. Ba3 Nd5 21. Ne2 c5 22. e4 Nb4 23. Bxb4 cxb4 24. Qb2 b3 25. Rbc1 Rc2 26. Rxc2 bxc2 27. Rd2 Bb3 28. Nxe5 Qc7 29. f4 Qc5+ 30. Kh1 Qe3 31. Qc1 Bxe5 32. fxe5 Rxd3 33. Rxd3 Qxd3 34. Bf3 fxe4 35. Bg4 h5 36. Qg5 e3 37. Bxh5 Bd5+ 38. Kg1 Qd1# 0-1


[Site "https://www.chess.com"]

[Event "Titled Tuesday Blitz January 10 Early 2023"]
[White "Andreev, Konstantin"]
[Black "Acor, Corey"]
[WhiteFideId "24239305"]
[BlackFideId "2024861"]
[WhiteElo "2195"]
[BlackElo "2216"]
[Result "0-1"]
[Round "02"]
[TimeControl "180+2"]
[Date "2023.01.10"]
[WhiteClock "0:00:04"]
[BlackClock "0:00:47"]

1. e4 e5 2. Nf3 Nc6 3. Bc4 Bc5 4. c3 Nf6 5. d4 exd4 6. b4 Bb6 7. e5 Ne4 8. Bd5 Nxc3 9. Nxc3 dxc3 10. Bg5 Ne7 11. Bb3 O-O 12. O-O h6 13. Bh4 d6 14. exd6 cxd6 15. Re1 Re8 16. Qd3 Qc7 17. Bxe7 Rxe7 18. Bc2 g6 19. Nh4 Re5 20. Nxg6 Bf5 21. Qg3 Bxg6 22. h4 Kh7 23. Bb3 Rg8 24. h5 Rxh5 25. Qf3 Rf5 26. Qh3 Bxf2+ 27. Kh1 Rh5 0-1


[Site "https://www.chess.com"]

[Event "Titled Tuesday Blitz January 10 Early 2023"]
[White "Maksimovic, Bojan"]
[Black "Chos, Alexey"]
[WhiteFideId "14408120"]
[BlackFideId "14117762"]
[WhiteElo "2486"]
[BlackElo "2296"]
[Result "1-0"]
[Round "02"]
[TimeControl "180+2"]
[Date "2023.01.10"]
[WhiteClock "0:00:28"]
[BlackClock "0:00:01"]

1. g3 Nf6 2. Bg2 d5 3. Nc3 c6 4. e4 e6 5. d3 Nbd7 6. Nge2 Bd6 7. d4 dxe4 8. Nxe4 Nxe4 9. Bxe4 Nf6 10. Bg2 O-O 11. O-O e5 12. Re1 Bf5 13. c3 Bg6 14. dxe5 Bxe5 15. Bf4 Bxf4 16. Nxf4 Qb6 17. Qb3 Qc7 18. a4 Rfe8 19. a5 Be4 20. a6 b6 21. Qc4 Bxg2 22. Kxg2 Ng4 23. Nd5 Qd7 24. Nf4 Ne5 25. Qe2 Qf5 26. Rad1 g5 27. Nd3 Nxd3 28. Qxd3 Qf6 29. Rxe8+ Rxe8 30. Qd7 Re7 31. Qc8+ Kg7 32. Rd8 Re2 33. Rg8+ Kh6 34. Qh3# 1-0


[Site "https://www.chess.com"]

[Event "Titled Tuesday Blitz January 10 Early 2023"]
[White "Kovacsy, Barnabas"]
[Black "Fernandez Guillen, Ernesto J."]
[WhiteFideId "769290"]
[BlackFideId "3512428"]
[WhiteElo "2245"]
[BlackElo "2477"]
[Result "0-1"]
[Round "02"]
[TimeControl "180+2"]
[Date "2023.01.10"]
[WhiteClock "0:00:02"]
[BlackClock "0:00:07"]

1. e4 e5 2. Nf3 Nc6 3. Bb5 f5 4. d3 fxe4 5. dxe4 Nf6 6. O-O d6 7. Nc3 Be7 8. Nd5 O-O 9. Nxe7+ Nxe7 10. Bg5 Kh8 11. Bxf6 Rxf6 12. h3 Ng6 13. Ng5 h6 14. Qh5 Qf8 15. Bc4 Bd7 16. Nf7+ Rxf7 17. Qxg6 Rf6 18. Qg3 Rf4 19. Rfe1 Qf6 20. Rad1 Rf8 21. Rd2 h5 22. b4 h4 23. Qe3 Qg6 24. Kh2 a6 25. c3 R8f6 26. Bb3 Qg5 27. Bc2 Qh6 28. a4 g5 29. Bd1 g4 30. hxg4 Qg5 31. f3 Qh6 32. Be2 Qg5 33. Bd1 Kg7 34. Be2 Bxa4 35. c4 Bd7 36. b5 axb5 37. cxb5 b6 38. Bd1 Rf7 39. Be2 Be6 40. Rb1 Bd7 41. Rc1 Be6 42. Rc3 Rxg4 43. fxg4 Rf4 44. g3 hxg3+ 45. Qxg3 Rf6 46. Rd1 Rh6+ 47. Kg2 Qg6 48. Bd3 Qg5 49. Rxc7+ Kg6 50. Rf1 Bxg4 51. Rc6 Rh3 52. Rxd6+ Kh5 53. Rh1 Bf3+ 54. Kxf3 Qxg3+ 55. Ke2 Qg2+ 0-1


[Site "https://www.chess.com"]

[Event "Titled Tuesday Blitz January 10 Early 2023"]
[White "Mohammed, Dilshad"]
[Black "Karthik Rajaa"]
[WhiteFideId "5050421"]
[BlackFideId "25035215"]
[WhiteElo "2103"]
[BlackElo "2276"]
[Result "0-1"]
[Round "02"]
[TimeControl "180+2"]
[Date "2023.01.10"]
[WhiteClock "0:00:10"]
[BlackClock "0:00:36"]

1. Nf3 Nf6 2. c4 g6 3. Nc3 Bg7 4. e4 d6 5. d4 O-O 6. Be2 Nbd7 7. O-O e5 8. Be3 Qe7 9. d5 Ng4 10. Bg5 f6 11. Bd2 f5 12. Ng5 Nc5 13. b4 Na6 14. a3 Nf6 15. f3 h6 16. Ne6 Bxe6 17. dxe6 Qxe6 18. Nd5 c6 19. exf5 gxf5 20. Nc3 Nc7 21. b5 e4 22. Bf4 Nh5 23. Bxd6 Rad8 24. c5 Bxc3 25. Qc2 Bxa1 26. Bxc7 Bd4+ 27. Kh1 Qg6 28. fxe4 fxe4 29. Rxf8+ Rxf8 30. Qc4+ Qf7 31. Qxd4 Qxc7 32. Bc4+ Kh7 33. Qxe4+ Kh8 34. Qg6 Qg7 0-1


[Site "https://www.chess.com"]

[Event "Titled Tuesday Blitz January 10 Early 2023"]
[White "Doluhanova, Evgeniya"]
[Black "Blohberger, Felix"]
[WhiteFideId "14112035"]
[BlackFideId "1632051"]
[WhiteElo "2275"]
[BlackElo "2501"]
[Result "0-1"]
[Round "02"]
[TimeControl "180+2"]
[Date "2023.01.10"]
[WhiteClock "0:00:01"]
[BlackClock "0:00:05"]

1. e4 c6 2. d4 d5 3. exd5 cxd5 4. Bd3 Nf6 5. Ne2 Nc6 6. c3 g6 7. Bf4 Bg7 8. Nd2 O-O 9. O-O Nh5 10. Bg5 h6 11. Bh4 g5 12. Bg3 f5 13. f4 Nxg3 14. Nxg3 e6 15. Nh5 Ne7 16. Nxg7 Kxg7 17. fxg5 hxg5 18. Nf3 Ng6 19. Qd2 g4 20. Ne5 Nxe5 21. dxe5 Bd7 22. Rae1 Rh8 23. Qf4 Rh6 24. Rf2 Qe7 25. Re3 Rah8 26. h3 Qh4 27. Bxf5 exf5 28. e6 Bxe6 29. Qc7+ Bf7 30. Rxf5 Rf6 31. Ree5 Rxf5 32. Rxf5 Qe1+ 33. Rf1 Qe6 34. hxg4 Rh6 35. g5 Rg6 36. Qxb7 Rxg5 37. Qxa7 Qg6 38. Qd4+ Kg8 39. Qf2 Qe6 40. b4 Kg7 41. a4 Qg6 42. a5 d4 43. cxd4 Bd5 44. Qf8+ Kh7 45. Qe7+ Qg7 46. Qxg7+ Rxg7 47. Rf2 Rb7 48. Rb2 Bc4 49. Kf2 Kg6 50. Ke3 Kf5 51. d5 Ke5 52. d6 Kxd6 53. b5 Bxb5 54. a6 Re7+ 55. Kd4 Kc6 56. Rc2+ Kb6 57. Rb2 Kxa6 58. g4 Rg7 59. Rg2 Kb6 60. g5 Rg6 61. Ke5 Kc5 62. Rg3 Bc6 63. Kf5 Rg7 64. Kf6 Rg8 65. g6 Bd5 66. g7 Kd6 67. Rh3 Rd8 68. Rh8 Bg8 69. Rh1 Kc7 70. Rc1+ Kb7 71. Rb1+ Kc6 72. Rc1+ Kd6 73. Rd1+ Bd5 74. Rg1 Re8 75. g8=Q Bxg8 76. Rd1+ Bd5 77. Rd2 Rf8+ 78. Kg5 Ke5 79. Re2+ Be4 80. Re3 Rg8+ 81. Kh4 Kf4 82. Re1 Rh8# 0-1


[Site "https://www.chess.com"]